 Seeded DCSS version 0.28-a0-773-g130ae17fe5 (webtiles) character file.

Game seed: 12566902743744847548 (custom seed)

23 cheechan the Chopper (level 2, 15/21 HPs)
             Began as an Octopode Berserker on Nov 1, 2021.
             Was a Follower of Trog.
             Quit the game on level 2 of the Dungeon.
             The game lasted 00:02:14 (655 turns).

cheechan the Chopper (Octopode Berserker)            Turns: 655, Time: 00:02:15

Health: 15/21      AC:  1    Str: 16    XL:     2   Next: 95%
Magic:  2/2        EV: 13    Int:  9    God:    Trog [*.....]
Gold:   0          SH:  0    Dex: 11    Spells: 1/1 levels left

rFire   . . .      SeeInvis .   a - +0 hand axe
rCold   . . .      Faith    .   (no shield)
rNeg    . . .      Spirit   .   (helmet restricted)
rPois   .          Reflect  .   (no amulet)
rElec   .          Harm     .   (no ring)
rCorr   .          Rampage  .   (no ring)
Will    .....                   (no ring)
Stlth   ++........              (no ring)
HPRegen 0.07/turn               (no ring)
MPRegen 0.08/turn               (no ring)
                                (no ring)
                                (no ring)

@: no status effects
A: almost no armour, amphibious, 8 rings, camouflage 1, gelatinous body 1,
(nimble swimmer 1), tentacles
a: Renounce Religion, Berserk


You were on level 2 of the Dungeon.
You worshipped Trog.
Trog was aware of your devotion.
You visited 1 branch of the dungeon, and saw 2 of its levels.

Inventory:

Hand Weapons
 a - a +0 hand axe (weapon)
Missiles
 f - 44 arrows
Scrolls
 d - a scroll of acquirement
Potions
 b - a potion of invisibility
 c - a potion of heal wounds


   Skills:
 + Level 3.3 Fighting
 + Level 3.5 Axes
 + Level 3.2 Dodging
 + Level 0.2 Stealth


You had one spell level left.
You didn't know any spells.
Your spell library was empty.

Dungeon Overview and Level Annotations

Branches:
Dungeon (2/15)

Altars:


Innate Abilities, Weirdness & Mutations

You cannot wear most types of armour.
You are amphibious.
You can wear up to eight rings at the same time.
Your skin changes colour to match your surroundings (Stealth+).
Your rubbery body absorbs attacks. (AC +1, EV +1)
((You are camouflaged near water. (Stealth+)))
You have tentacles for arms and can constrict up to eight enemies at once.


Message History

You see here 11 stones.
You see here a +0 dagger.
There is an open door here.
You open the door.
Found a dark potion.
There is an open door here.
b - a dark potion
Found a scroll of identify.
c - a scroll of identify
As you read the scroll of identify, it crumbles to dust.
b - a potion of invisibility
Found a brown potion.
c - a brown potion
Found a scroll of identify.
d - a scroll of identify
As you read the scroll of identify, it crumbles to dust.
c - a potion of heal wounds
There is a stone staircase leading down here.
You climb downwards.
There is a stone staircase leading up here.
There is a stone staircase leading up here.
An endoplasm comes into view.
The helpless endoplasm fails to defend itself.
You hit the endoplasm.
The endoplasm is heavily wounded.
The endoplasm misses you.
You barely miss the endoplasm.
The endoplasm is heavily wounded.
The endoplasm freezes you.
You are frozen.
You slash the endoplasm!
You kill the endoplasm!
Trog accepts your kill.
Found a scale mail.
Found 22 arrows.
Found a stone staircase leading down.
f - 44 arrows (gained 22)
Found a scroll labelled RESOOKHLILIL.
d - a scroll labelled RESOOKHLILIL This is a scroll of acquirement!
Are you sure you want to abandon this character and quit the game? (Confirm with "yes".)

#.#.#.# #.#.#.#
#.#.#.# #.#.#.#
#.# #.# #.# #..
# #.# ###
#.############.#
#..@...........#
################


There were no monsters in sight!

Vanquished Creatures
  A dart slug (D:1)
  3 ball pythons (D:1)
  3 endoplasms
  3 kobolds (D:1)
  5 goblins (D:1)
  4 rats (D:1)
19 creatures vanquished.

Notes
Turn   | Place    | Note
-------+----------+-------------------------------------------
     0 | D:1      | cheechan the Octopode Berserker began the quest for the
                  | Orb.
     0 | D:1      | Reached XP level 1. HP: 16/16 MP: 1/1
   176 | D:1      | Reached XP level 2. HP: 12/21 MP: 2/2
   389 | D:1      | Found a faded altar of an unknown god.
   655 | D:2      | Identified a scroll of acquirement
   655 | D:2      | Quit the game

Illustrated notes

Levels and vault maps discovered:
D:1:      dpeg_arrival_chambers_temple_mockup, layout_basic,
          shapermc_ecumenical_altar_pompeii
D:2:      layout_basic, kennysheep_donut, minmay_circled_x, uniq_sigmund

Action                   || total
-------------------------++-------
Melee: Hand axe          ||    30
       Constrict         ||     8
       Tentacles         ||     8
  Use: Scroll            ||     5
 Stab: Sleeping          ||     4
Armor: Skin              ||     5
Dodge: Dodged            ||    20

Table legend: (Time is in decaauts)
 A = Elapsed time spent in this place.
 B = Non-inter-level travel time spent in this place.
 C = Inter-level travel time spent in this place.
 D = Time resting spent in this place.
 E = Time spent auto-exploring this place.
 F = Levels seen in this place.
 G = Mean time per level.
                   A        B        C        D        E       F      G
               +--------+--------+--------+--------+--------+-----+--------+
         Total |    658 |    658 |      0 |      0 |      0 |   2 |  329.0 |
       Dungeon |    658 |    658 |      0 |      0 |      0 |   2 |  329.0 |
               +--------+--------+--------+--------+--------+-----+--------+

Top non-repeatable levels by time:
     D:1: 591 daAuts
     D:2: 67 daAuts
